 Dungeon Crawl Stone Soup version 0.29.1-1-gd02db6906a (webtiles) character file.

Game seed: 2278148477612737001

81 Earthwalker the Covered (level 4, -12/40 HPs)
             Began as a Minotaur Fighter on Oct 8, 2022.
             Killed by divine providence
             ... invoked by an orc priest
              (16 damage)
             ... on level 3 of the Dungeon.
             The game lasted 00:07:31 (2066 turns).

Earthwalker the Covered (Minotaur Fighter)          Turns: 2066, Time: 00:07:32

Health: -12/40     AC: 12    Str: 20    XL:     4   Next: 20%
Magic:  3/3        EV:  6    Int:  5    God:
Gold:   58         SH:  5    Dex: 12    Spells: 3/3 levels left

rFire   . . .      SeeInvis .   k - +0 spear
rCold   . . .      Faith    .   c - +0 buckler
rNeg    . . .      Spirit   .   m - +0 plate armour
rPois   .          Reflect  .   (helmet restricted)
rElec   .          Harm     .   (no cloak)
rCorr   .          Rampage  .   (no gloves)
Will    .....                   (no boots)
Stlth   ..........              (no amulet)
HPRegen 0.13/turn               (no ring)
MPRegen 0.08/turn               (no ring)

@: no status effects
A: horns 2, retaliatory headbutt
a: no special abilities


You were on level 3 of the Dungeon.
You visited 1 branch of the dungeon, and saw 3 of its levels.

You collected 58 gold pieces.

Inventory:

Hand Weapons
 a - a +0 trident
 f - the +4 falchion "Tyinter" {vorpal, Fly rPois Dex+3}
   (You found it on level 2 of the Dungeon)

   It inflicts extra damage upon your enemies.
   Dex:       It affects your dexterity (+3).
   rPois:     It protects you from poison.
   Fly:       It grants you flight.
 k - a +0 spear (weapon)
Armour
 b - a +0 scale mail
 c - a +0 buckler (worn)
 m - a +0 plate armour (worn)
Jewellery
 l - a ring of wizardry
Scrolls
 h - 2 scrolls of teleportation {unknown}
 n - a scroll of vulnerability {unknown}
Potions
 d - a potion of might
 e - a potion of heal wounds
 g - 2 potions of lignification
 i - a potion of degeneration {unknown}
 j - a potion of magic {unknown}


   Skills:
 * Level 4.1 Fighting
 * Level 3.2 Polearms
 * Level 4.6 Armour
 * Level 1.2 Dodging
 * Level 0.3 Stealth
 * Level 4.0 Shields


You had 3 spell levels left.
You didn't know any spells.
Your spell library contained the following spells:

 Spells                   Type           Power      Damage    Failure   Level
 Shock                    Conj/Air       0%         1d3       100%        1


Dungeon Overview and Level Annotations

Branches:
Dungeon (3/15)

Altars:


Innate Abilities, Weirdness & Mutations

You have a pair of horns on your head.
You reflexively headbutt those who attack you in melee.


Message History

The orc is moderately wounded.
The orc hits you but does no damage.
You hit the orc but do no damage.
The orc is moderately wounded.
The orc barely misses you.
You puncture the orc!
You kill the orc!
Things that are here:
a +0 club; an orc corpse An orc priest comes into view.
It is wielding a +0 short sword.
An orc comes into view. It is wielding a +0 mace.
The orc shouts!
The orc priest mumbles some strange prayers to Beogh against you.
Beogh smites you!
An orc priest comes into view. It is wielding a +0 hand axe.
An orc comes into view. It is wielding a +0 mace.
The orc priest shouts!
Found a clear potion.
The orc shouts!
The orc priest looks encouraged for a moment.
You puncture the orc priest! You headbutt the orc priest.
The orc priest is severely wounded.
The orc priest completely misses you.
The orc priest attacks as you move away!
The orc priest hits you but does no damage.
The orc priest casts a cantrip, but nothing happens.
The orc attacks as you move away! The orc hits you but does no damage.
The orc priest mumbles some strange prayers to Beogh against you.
Pain shoots through your body! The orc attacks as you move away!
The orc hits you with a +0 mace.
The orc priest miscasts a cantrip.
The orc priest mumbles some strange prayers to Beogh against you.
Beogh smites you!
* * * LOW HITPOINT WARNING * * *
The orc attacks as you move away! The orc hits you with a +0 mace.
* * * LOW HITPOINT WARNING * * *
The orc priest looks braver for a moment.
The orc priest calls down the wrath of Beogh upon you.
Beogh smites you!
You die...

#.....### .# #...
#..o....# .# #...
###o#...###.##.....
#.##......#..#...
##......#....####.
#..).......# #..
#o#....).#.# #..
#.#####....# ###..
#@# ###..# #....
#.#######..###.#.#
#....<...........#
#.................
#######...........
#......#####
######.# #.# #.#


You could see 2 orc priests and an orc.

Vanquished Creatures
  3 adders (D:2)
  A worm (D:3)
  3 dart slugs (D:2)
  2 orcs (D:3)
  3 bats
  3 endoplasms
  2 giant cockroaches
  3 goblins
  2 hobgoblins
  3 jackals (D:3)
  A quokka (D:1)
  6 ball pythons
  6 frilled lizards
  2 kobolds
  5 rats
45 creatures vanquished.

Vanquished Creatures (others)
  2 fungi (D:2)
  2 plants (D:2)
4 creatures vanquished.

Grand Total: 49 creatures vanquished

Notes
Turn   | Place    | Note
-------+----------+-------------------------------------------
     0 | D:1      | Earthwalker the Minotaur Fighter began the quest for the
                  | Orb.
     0 | D:1      | Reached XP level 1. HP: 19/19 MP: 0/0
   315 | D:1      | Reached XP level 2. HP: 27/27 MP: 1/1
   697 | D:1      | You fall into a shaft and drop 1 floor!
   726 | D:2      | Identified the +4 falchion "Tyinter" {vorpal, Fly rPois
                  | Dex+3}
   772 | D:2      | Reached skill level 1 in Dodging
   772 | D:2      | Reached XP level 3. HP: 19/33 MP: 2/2
  1174 | D:2      | Identified the +7 dagger of the Sky {flame, Dex+4}
  1334 | D:2      | Found a faded altar of an unknown god.
  1342 | D:2      | Got Plato's Compendium of the Lungs
  1872 | D:3      | Reached XP level 4. HP: 33/40 MP: 3/3
  2066 | D:3      | Killed from afar by an orc priest

Illustrated notes

Levels and vault maps discovered:
D:1:      minmay_arrival_five_plusses, layout_rooms
D:2:      layout_basic, shapermc_ecumenical_altar_rom_forum, serial_rivers,
          chequers_serial_rivers_room_b, chequers_serial_rivers_large_a,
          chequers_serial_rivers_small_3, chequers_serial_rivers_micro_c,
          chequers_serial_rivers_marsh, nicolae_figureground_sparkle
D:3:      layout_rooms, minmay_rat_hole

Skill      XL: |  1  2  3 |
---------------+----------+-----
Armour         | 4 |  4.6
Fighting       | 4 |  4.1
Dodging        | 1 |  1.2
Shields        | 4 |  4.0
Polearms       | 3 |  3.2
Stealth        | |  0.3

Action                   |  1- 3 |  4- 6 || total
-------------------------+-------+-------++-------
Melee: Trident           |    40 |       ||    40
       Spear             |    70 |    26 ||    96
       Headbutt          |     9 |     7 ||    16
  Use: Scroll            |     4 |       ||     4
Armor: Scale mail        |    36 |       ||    36
       Plate armour      |     4 |    13 ||    17
Dodge: Dodged            |    40 |    10 ||    50
Block: Buckler           |    11 |     9 ||    20
